 Dungeon Crawl Stone Soup version 0.26-a0-639-g72c4674329 (webtiles) character file.

Game seed: 9466666505263620744

561911 Flugslaktarn the Conqueror (level 25, -8/257 HPs)
             Began as a Minotaur Fighter on Sept 18, 2020.
             Was the Champion of Cheibriados.
             Mangled by a seraph
             ... wielding a +3 great sword of flaming
              (19 damage)
             ... on level 4 of the Depths.
             The game lasted 00:24:00 (30144 turns).

Flugslaktarn the Conqueror (Minotaur Fighter)      Turns: 30144, Time: 00:24:00

Health: -8/257     AC: 51    Str: 44    XL:     25   Next: 37%
Magic:  31/31      EV: 34    Int: 18    God:    Cheibriados [******]
Gold:   3452       SH:  0    Dex: 33    Spells: 24/24 levels left

rFire    + . .     SeeInvis .   B - +5 war axe (vamp)
rCold    + + +     Faith    .   (no shield)
rNeg     . . .     Spirit   .   X - +12 plate armour "Uqejit" {Harm rC++ Regen+}
rPois    .         Reflect  .   O - +2 hat {MR+}
rElec    +         Harm     +   H - scarf {rC+ rF+}
rCorr    .         Rampage  .   h - +2 pair of gloves {Dex+3}
MR       ++...                  V - +2 pair of boots
Stlth    ..........             C - amulet of regeneration
HPRegen  0.00/turn              T - ring of Robustness {AC+8}
MPRegen  0.22/turn              U - ring "Ekhlidiy" {rElec Dex+3 Stlth+}

@: glowing, lightly drained, very slow
A: retaliatory headbutt, horns 2, blurry vision 1, dopey 1, screaming 1,
inhibited regeneration, weak 1, no potion heal 1
0: Orb of Zot
}: 3/15 runes: decaying, silver, gossamer
a: Bend Time, Temporal Distortion, Slouch, Step From Time, Renounce Religion


You were on level 4 of the Depths.
You worshipped Cheibriados.
Cheibriados was exalted by your worship.
You visited 8 branches of the dungeon, and saw 44 of its levels.
You also visited: Bailey.

You collected 4390 gold pieces.
You spent 938 gold pieces at shops.

Inventory:

Hand Weapons
 p - a +2 vorpal broad axe
   (You took it off a yaktaur on level 5 of the Vaults)
 B - a +5 vampiric war axe (weapon)
   (You took it off an orc on level 12 of the Dungeon)
Missiles
 P - 4 throwing nets (quivered)
Armour
 h - a +2 pair of gloves of dexterity (worn)
   (You found it on level 2 of the Swamp)
 v - +0 gold dragon scales
   (You found it on level 5 of the Depths)
 H - a scarf of resistance (worn)
   (You found it on level 13 of the Dungeon)
 J - the +18 shield of the Gong {rElec rN+ MR+ EV-5}
   (You took it off an orc on level 8 of the Dungeon)

   It affects your evasion (-5).
   It insulates you from electricity.
   It protects you from negative energy.
   It affects your resistance to hostile enchantments.
 K - a +0 crystal plate armour
   (You found it on level 1 of the Swamp)
 O - a +2 hat of magic resistance (worn)
   (You took it off Gastronok on level 12 of the Dungeon)
 V - a +2 pair of boots (worn)
   (You found it on level 3 of the Vaults)
 X - the +12 plate armour "Uqejit" (worn) {Harm rC++ Regen+}
   (You found it on level 5 of the Vaults)

   It greatly protects you from cold.
   It increases your rate of regeneration.
   It increases damage dealt and taken.
Jewellery
 b - a +4 ring of evasion
   (You found it on level 6 of the Dungeon)
 f - an uncursed ring of protection from fire
   (You found it on level 4 of the Spider Nest)
 k - an uncursed ring of resist corrosion
   (You found it on level 1 of the Dungeon)
 m - an uncursed ring of protection from magic
   (You found it on level 2 of the Swamp)
 u - an uncursed ring of flight {unknown}
   (You found it on level 2 of the Depths)
 C - an amulet of regeneration (around neck)
   (You found it on level 13 of the Dungeon)
 Q - the cursed ring "Ubezaul" {rElec rF- Str-2 Int-4 Stlth+}
   (You found it on level 5 of the Vaults)

   [ring of intelligence]

   It affects your strength (-2).
   It affects your intelligence (-4).
   It makes you vulnerable to fire.
   It insulates you from electricity.
   It makes you more stealthy.
   It has a curse placed upon it.
 R - an uncursed amulet of faith {unknown}
   (You found it on level 5 of the Vaults)
 T - the ring of Robustness (left hand) {AC+8}
   (You took it off a yaktaur on level 5 of the Vaults)

   [ring of protection]

   It affects your AC (+8).
 U - the ring "Ekhlidiy" (right hand) {rElec Dex+3 Stlth+}
   (You bought it in a shop on level 2 of the Vaults)

   [ring of stealth]

   It affects your dexterity (+3).
   It insulates you from electricity.
   It makes you more stealthy.
 W - the ring of the Raven {Wiz rC+ Int+8 Slay-2}
   (You took it off a vault sentinel on level 5 of the Vaults)

   [ring of wizardry]

   It improves your spell success rate.
   It affects your intelligence (+8).
   It affects your accuracy and damage with ranged weapons and melee attacks
   (-2).
   It protects you from cold.
Wands
 i - a wand of paralysis (6)
   (You found it on level 4 of the Swamp)
 o - a wand of acid (11)
   (You found it on level 14 of the Dungeon)
 L - a wand of iceblast (6)
   (You found it on level 1 of the Lair of Beasts)
Scrolls
 a - 3 scrolls of fog
 c - a scroll of brand weapon
 e - 5 scrolls of fear
 g - 5 scrolls of immolation
 r - 12 scrolls of identify
 t - 17 scrolls of teleportation
 x - 23 scrolls of remove curse
 z - 4 scrolls of blinking
 A - 4 scrolls of summoning
 F - a scroll of silence
 G - a scroll of magic mapping
 M - 2 scrolls of holy word
 Z - a scroll of enchant armour
Potions
 d - 4 potions of might
 j - 6 potions of lignification
 l - 4 potions of magic
 n - a potion of resistance
 q - 8 potions of curing
 s - a potion of flight
 w - 3 potions of heal wounds
 D - a potion of cancellation
 E - 4 potions of mutation
 N - 3 potions of invisibility
 S - 4 potions of ambrosia
Miscellaneous
 y - a condenser vane (2/2)
   (You bought it in a shop on level 13 of the Dungeon)


   Skills:
 O Level 27(26.2) Fighting
 - Level 16.0(15.4) Axes
 + Level 25.5(24.8) Armour
 + Level 23.4(22.7) Dodging
 - Level 15.0(14.4) Shields
 - Level 12.0(11.4) Invocations
 - Level 4.0(3.5) Evocations


You had 24 spell levels left.
You didn't know any spells.
Your spell library was empty.

Dungeon Overview and Level Annotations

Branches:
Dungeon (15/15)            Temple (0/1) D:7            Lair (4/6) D:9
  Swamp (4/4) Lair:3       Spider (4/4) Lair:4          Orc (2/2) D:12
    Elf (0/3) Orc:2        Vaults (5/5) D:13         Depths (5/5) D:15
    Zot (5/5) Depths:5     Bailey (visited)
  Crypt: Vaults:2-3

Altars:
Ashenzari
Cheibriados
Trog
Xom
Beogh

Shops:
D:7 }   D:12 =   D:13 }   Orc:2 (::   Vaults:2 [=(

Portals:
Hell: Depths:1
Abyss: Depths:4
Pandemonium: Depths:3
Ziggurat: Depths:2
Trove: Depths:2 (give +7 demon blade)

Annotations:
D:15 1 runed translucent door


Innate Abilities, Weirdness & Mutations

You reflexively headbutt those who attack you in melee.
You have a pair of horns on your head.
Scrolls take you a little longer to read.
You are dopey. (Int -2)
You occasionally shout uncontrollably at your foes.
You do not regenerate when monsters are visible.
You are weak. (Str -2)
Potions are less effective at restoring your health.


Message History

The seraph hits you with a +3 great sword of flaming!!
The seraph burns you. The seraph completely misses you.
The angel completely misses you. You furiously retaliate!
You headbutt the angel. The angel hits you but does no damage.
The daeva calls down the wrath of the Shining One upon you.
The Shining One smites you!
* * * LOW HITPOINT WARNING * * *
You climb upwards.
The daeva dissolves into sparkling lights!
The angel dissolves into sparkling lights!
The daeva dissolves into sparkling lights!
There is a stone staircase leading down here.
Your system partially rejects the healing.
You feel much better.
The seraph hits you with a +3 great sword of flaming!!!
* * * LOW HITPOINT WARNING * * *
The seraph burns you.
* * * LOW HITPOINT WARNING * * *
The seraph hits you with a +3 great sword of flaming!
You die...

## ....#. #. .....#
##.. #####....# .
..... #.......### ..
.....##......#..#...
#........#.#....#..
#...##+..#.....##
#.....A........
###)..#@.###...
#..##....#
###..#.....#
###....#......#
###...##'#......#
###....#...#......#
###......#†..###....#
##........+[....#....#
...#'#....##....#


You could see a seraph (strong).

Vanquished Creatures
  Mara (Vaults:2)
  8 orbs of fire
  4 ancient liches
  Boris (Vaults:5)
  6 Killer Klowns
  Saint Roka (Orc:2)
  3 curse toes
  5 golden dragons
  Arachne (Spider:2)
  3 electric golems
  A lich (Depths:5)
  Jorgrun (Swamp:1)
  A Brimstone Fiend (Depths:5)
  4 titans (Vaults:5)
  17 tentacled monstrosities
  26 Orb Guardians
  6 quicksilver dragons
  11 death cobs
  5 tengu reavers (Vaults:5)
  A thorn hunter (Swamp:4)
  7 shadow dragons
  Gastronok (D:12)
  8 storm dragons
  5 draconian monks
  19 vault wardens
  7 frost giants
  2 iron dragons
  A deep elf sorcerer (Depths:3)
  5 draconian knights
  6 ghost moths
  2 draconian shifters
  6 draconian scorchers
  5 fire giants
  8 ironheart preservers
  3 emperor scorpions (Spider:4)
  A cacodemon (Zot:5)
  A deep elf elementalist (Vaults:5)
  A spriggan defender (Depths:3)
  7 draconian annihilators
  14 very ugly things
  18 stone giants
  4 draconian stormcallers
  2 war gargoyles (Vaults:5)
  5 green draconians
  2 vampire knights
  A deep elf demonologist (Vaults:5)
  12 black draconians
  11 purple draconians
  14 white draconians
  Azrael (D:12)
  12 yellow draconians
  4 red draconians
  3 spark wasps
  3 deep elf death magi (Vaults:5)
  8 ettins
  An ettin (shapeshifter) (Vaults:5)
  4 fire dragons
  9 ogre magi
  13 yaktaur captains
  2 jiangshi (Depths:1)
  3 ice dragons
  5 great orbs of eyes
  2 deep elf high priests (Vaults:5)
  2 rakshasas
  A great orb of eyes (shapeshifter) (Depths:3)
  A ghost crab (Swamp:2)
  A caustic shrike simulacrum (Depths:1)
  A spriggan air mage (Depths:5)
  5 shambling mangroves
  29 vault guards
  15 hydras
  Harold (D:10)
  2 anacondas (shapeshifter) (Vaults:5)
  An alligator snapping turtle (shapeshifter) (Depths:5)
  9 centaur warriors
  2 death knights
  An alligator (shapeshifter) (Depths:4)
  A dancing weapon (Vaults:5)
  41 two-headed ogres
  6 deep troll shamans
  6 alligators
  5 tengu warriors
  9 deep troll earth magi
  2 spriggan berserkers
  2 vampire magi
  4 death yaks (Lair:4)
  A storm dragon zombie (Vaults:1)
  8 orc high priests
  4 deep elf knights
  5 hell knights
  An iron troll (Depths:2)
  A sixfirhy (Zot:5)
  8 large abominations (Vaults:5)
  8 small abominations (Vaults:5)
  2 skeletal warriors
  2 shadow wraiths (Vaults:5)
  16 deep trolls
  A storm dragon skeleton (Depths:1)
  A flayed ghost (Depths:1)
  A glowing orange brain (shapeshifter) (Depths:4)
  12 swamp dragons
  2 unseen horrors
  7 phantasmal warriors
  5 wizards
  A golden dragon skeleton (Depths:1)
  4 deep elf archers
  An iron dragon zombie (Depths:1)
  3 harpies (Vaults:2)
  17 orb spiders
  14 deep elf magi
  18 ironbrand convokers
  A lindwurm (shapeshifter) (Depths:4)
  A harpy (shapeshifter) (D:15)
  A shadow dragon skeleton (Depths:1)
  13 orc knights
  An orb spider (shapeshifter) (Vaults:2)
  41 ugly things
  A lindwurm (Lair:4)
  A wolf spider zombie (D:15)
  36 wolf spiders
  9 necromancers
  8 orc sorcerers
  6 manticores
  28 moths of wrath
  A moth of wrath (shapeshifter) (Depths:5)
  5 cyclopes
  8 vault sentinels
  An elephant (shapeshifter) (Vaults:5)
  3 elephants (Lair:4)
  A toenail golem (Zot:3)
  A frost giant skeleton (Vaults:1)
  11 cane toads
  A gargoyle (D:15)
  A storm dragon simulacrum (Vaults:1)
  2 stone giant skeletons
  A torpor snail (Lair:2)
  A naga mage (D:15)
  A cane toad (shapeshifter) (Vaults:3)
  A human zombie (Vaults:1)
  22 demonic crawlers
  4 rime drakes
  A yaktaur zombie (Depths:1)
  4 komodo dragons
  30 yaktaurs
  A redback zombie (D:15)
  4 freezing wraiths
  A kobold demonologist (D:10)
  A queen bee (shapeshifter) (Depths:5)
  A tengu conjurer (Depths:4)
  18 jumping spiders
  10 trolls
  A hornet (shapeshifter) (Vaults:3)
  9 tyrant leeches
  A polar bear (Lair:4)
  21 hornets
  6 hippogriffs
  11 bog bodies
  An ice dragon zombie (Depths:1)
  7 blink frogs
  A stone giant simulacrum (Depths:1)
  Sigmund (D:5)
  A hippogriff (shapeshifter) (D:15)
  40 redbacks
  15 slime creatures
  A ynoxinul (Zot:1)
  4 spriggans
  2 shadows (D:14)
  A wyvern (shapeshifter) (Vaults:1)
  5 wraiths
  Eustachio (D:5)
  A yak (shapeshifter) (Depths:2)
  18 yaks
  3 wyverns
  30 tarantellas
  2 water elementals (Depths:1)
  4 vampires
  18 humans (D:13)
  5 fire elementals
  11 vampire mosquitoes
  A hog (shapeshifter) (Vaults:5)
  10 wargs
  2 swamp worms (shapeshifter)
  20 insubstantial wisps
  2 hell hounds
  6 water moccasins
  2 swamp worms (Swamp:2)
  3 acid dragons
  7 porcupines
  56 orc warriors
  5 sky beasts
  An eye of draining (shapeshifter) (Depths:2)
  2 ice beasts
  28 ogres
  15 swamp drakes
  10 boggarts
  A deep troll simulacrum (Depths:1)
  23 centaurs
  5 phantoms
  3 black bears
  3 wolves (Lair:4)
  6 crocodiles
  A big kobold (D:8)
  A big kobold (shapeshifter) (Vaults:5)
  14 bullfrogs
  2 wyvern zombies
  2 scorpions
  20 killer bees
  9 wights
  4 howler monkeys
  5 electric eels (D:11)
  2 quasits
  6 centaur zombies
  2 bullfrog zombies
  34 orc priests
  2 jellies
  2 gnoll shamans
  6 hounds
  5 centaur skeletons
  5 iguanas
  30 orc wizards
  8 worker ants
  A killer bee zombie (D:7)
  A hound zombie (D:5)
  15 gnolls
  2 worker ant zombies
  11 adders
  2 shadow imps (D:6)
  A white imp (D:7)
  An ufetubus (D:7)
  An ooze (D:6)
  An adder skeleton (D:6)
  5 leopard geckos
  159 orcs
  2 ball pythons (D:5)
  4 giant cockroaches
  8 goblins
  2 hobgoblins
  8 jackals
  8 quokkas
  A bat (D:3)
  3 frilled lizards
  A kobold (shapeshifter) (Vaults:5)
  8 kobolds
  6 rats
  4 crawling corpses (Vaults:5)
1774 creatures vanquished.

Vanquished Creatures (others)
  A lich (Vaults:5)
  A tengu reaver (Vaults:5)
  An unseen horror (D:14)
  A wizard (D:13)
  A wolf spider (Spider:4)
  2 orb spiders (Spider:4)
  A jumping spider (Spider:1)
  A redback (Spider:1)
  A spriggan (Swamp:2)
  2 vampire mosquitoes (Swamp:4)
  A centaur (D:13)
  An orc wizard (D:12)
  4 briar patches (Swamp:4)
  18 fungi
  56 plants
92 creatures vanquished.

Grand Total: 1866 creatures vanquished

Notes
Turn   | Place    | Note
-------+----------+-------------------------------------------
     0 | D:1      | Flugslaktarn the Minotaur Fighter began the quest for the
                  | Orb.
     0 | D:1      | Reached XP level 1. HP: 19/19 MP: 0/0
   313 | D:2      | Reached XP level 2. HP: 27/27 MP: 1/1
   315 | D:2      | Reached skill level 4 in Fighting
   404 | D:3      | Reached XP level 3. HP: 33/33 MP: 2/2
   424 | D:3      | Reached XP level 4. HP: 12/41 MP: 0/3
   427 | D:3      | Reached skill level 5 in Fighting
   678 | D:3      | Reached XP level 5. HP: 46/48 MP: 4/4
   703 | D:3      | Noticed a centaur
   710 | D:3      | Killed a centaur
   945 | D:4      | Reached XP level 6. HP: 50/57 MP: 5/5
  1050 | D:4      | HP: 4/85 [gnoll/+0 spear (1)]
  1051 | D:4      | Reached skill level 5 in Axes
  1090 | D:4      | Reached skill level 6 in Fighting
  1090 | D:4      | Reached skill level 5 in Armour
  1559 | D:4      | Reached skill level 5 in Shields
  1566 | D:4      | Reached XP level 7. HP: 61/64 MP: 6/6
  1892 | D:5      | Entered Level 5 of the Dungeon
  1942 | D:5      | Noticed Eustachio
  1952 | D:5      | Killed Eustachio
  1952 | D:5      | Reached skill level 7 in Fighting
  2121 | D:5      | Noticed Sigmund
  2131 | D:5      | Killed Sigmund
  2131 | D:5      | Reached XP level 8. HP: 73/73 MP: 7/7
  2348 | D:5      | Found a snail-covered altar of Cheibriados.
  2360 | D:5      | Found a bloodstained altar of Trog.
  2542 | D:5      | Became a worshipper of Cheibriados the Contemplative
  2846 | D:6      | Reached skill level 8 in Fighting
  3105 | D:6      | Reached skill level 1 in Dodging
  3174 | D:6      | Reached skill level 1 in Invocations
  3505 | D:7      | Reached * piety under Cheibriados
  3877 | D:7      | Reached XP level 9. HP: 82/82 MP: 9/9
  3969 | D:7      | Found a staircase to the Ecumenical Temple.
  4040 | D:7      | Reached skill level 9 in Fighting
  4149 | D:7      | Found Tyrunoli's Gadget Shop.
  4167 | D:7      | Reached ** piety under Cheibriados
  4810 | D:8      | Noticed a troll
  4822 | D:8      | Killed a troll
  4983 | D:8      | Reached skill level 10 in Fighting
  5178 | D:8      | Found a shattered altar of Ashenzari.
  5194 | D:8      | Reached XP level 10. HP: 93/93 MP: 11/11
  5448 | D:9      | Reached *** piety under Cheibriados
  5533 | D:9      | Found a shimmering altar of Xom.
  5669 | D:9      | Found a staircase to the Lair.
  5859 | D:9      | Noticed a manticore
  5870 | D:9      | Killed a manticore
  5870 | D:9      | Reached skill level 10 in Axes
  6172 | D:10     | Entered Level 10 of the Dungeon
  6314 | D:10     | Found a flagged portal.
  6325 | Bailey   | Entered a bailey
  6366 | Bailey   | Noticed an orc knight
  6366 | Bailey   | Noticed an orc knight
  6367 | Bailey   | Reached **** piety under Cheibriados
  6368 | Bailey   | Found an iron altar of Okawaru.
  6380 | Bailey   | Killed an orc knight
  6391 | Bailey   | Killed an orc knight
  6585 | D:10     | Noticed a rust devil
  6611 | D:10     | Reached skill level 11 in Fighting
  6634 | D:10     | Noticed Harold
  6647 | D:10     | Killed Harold
  6647 | D:10     | Reached skill level 5 in Dodging
  7219 | D:11     | Noticed a deep elf mage
  7225 | D:11     | Noticed a cyclops
  7238 | D:11     | Killed a deep elf mage
  7238 | D:11     | Reached XP level 11. HP: 97/102 MP: 13/13
  7472 | D:11     | Reached skill level 5 in Invocations
  7475 | D:11     | Reached ***** piety under Cheibriados
  8814 | D:12     | Noticed Azrael
  8817 | D:12     | Noticed Gastronok
  9098 | D:12     | Reached skill level 12 in Fighting
  9103 | D:12     | Killed Azrael
  9112 | D:12     | Killed Gastronok
  9149 | D:12     | Noticed a cyan ugly thing
  9158 | D:12     | Killed a cyan ugly thing
  9218 | D:12     | Noticed a purple ugly thing
  9227 | D:12     | Killed a purple ugly thing
  9282 | D:12     | Reached ****** piety under Cheibriados
  9282 | D:12     | Reached XP level 12. HP: 96/113 MP: 15/15
  9295 | D:12     | Found Vuxtall's Jewellery Emporium.
  9605 | D:12     | Found a staircase to the Orcish Mines.
  9938 | D:13     | Noticed a centaur warrior
  9953 | D:13     | Killed a centaur warrior
  9953 | D:13     | Reached skill level 13 in Fighting
  9964 | D:13     | Found Riygere's Gadget Emporium.
 10002 | D:13     | Noticed a centaur warrior
 10010 | D:13     | Killed a centaur warrior
 10046 | D:13     | Bought a condenser vane (2/2) for 280 gold pieces
 10046 | D:13     | Bought a condenser vane (2/2) for 280 gold pieces
 10157 | D:13     | Reached skill level 10 in Armour
 10210 | D:13     | Identified the +10 trident "Lumiz" {freeze, +Inv rF- Str+6}
 10444 | D:13     | Reached skill level 10 in Shields
 10590 | D:13     | Found a gate to the Vaults.
 10590 | D:13     | Noticed a vault guard
 10599 | D:13     | Killed a vault guard
 10599 | D:13     | Reached XP level 13. HP: 123/123 MP: 13/17
 10908 | D:14     | Reached skill level 14 in Fighting
 11739 | D:14     | Reached skill level 1 in Evocations
 11813 | D:15     | Entered Level 15 of the Dungeon
 11980 | D:15     | Found a runed translucent door.
 12005 | D:15     | Noticed a fire giant
 12006 | D:15     | Noticed a deep elf annihilator
 12306 | D:15     | Reached XP level 14. HP: 133/133 MP: 17/19
 12313 | D:15     | Reached skill level 15 in Fighting
 12512 | D:15     | Paralysed by a wizard for 7 turns
 12646 | D:15     | Found a staircase to the Depths.
 13272 | Lair:1   | Entered Level 1 of the Lair of Beasts
 13367 | Orc:1    | Entered Level 1 of the Orcish Mines
 13367 | Orc:1    | Found a bloodstained altar of Trog.
 13397 | Orc:1    | Reached skill level 15 in Axes
 13541 | Orc:2    | Entered Level 2 of the Orcish Mines
 13909 | Orc:2    | Noticed Saint Roka
 13943 | Orc:2    | Killed Saint Roka
 14071 | Orc:2    | Found a roughly hewn altar of Beogh.
 14087 | Orc:2    | Found Nakut's Book Shop.
 14219 | Orc:2    | Found Orhioshre's Book Emporium.
 14594 | Orc:2    | Found a staircase to the Elven Halls.
 14777 | Orc:2    | Found a roughly hewn altar of Beogh.
 14851 | Orc:2    | Found Poaxi's Jewellery Boutique.
 14867 | Orc:2    | Found Xovoysek's Weapon Shop.
 14874 | Orc:2    | Reached XP level 15. HP: 143/143 MP: 20/20
 15535 | Lair:1   | Reached skill level 16 in Fighting
 16871 | Lair:3   | Found a staircase to the Swamp.
 16958 | Lair:3   | Reached skill level 10 in Dodging
 17211 | Lair:3   | Found a frozen archway.
 17512 | Lair:4   | Found a hole to the Spider Nest.
 18527 | Swamp:1  | Entered Level 1 of the Swamp
 18657 | Swamp:1  | Noticed Jorgrun
 18668 | Swamp:1  | Killed Jorgrun
 18709 | Swamp:2  | Reached skill level 17 in Fighting
 19034 | Swamp:4  | Entered Level 4 of the Swamp
 19047 | Swamp:4  | Reached skill level 10 in Invocations
 19070 | Swamp:4  | Reached XP level 16. HP: 144/155 MP: 22/22
 19224 | Swamp:4  | Noticed a thorn hunter
 19246 | Swamp:4  | Killed a thorn hunter
 19528 | Swamp:4  | Reached skill level 18 in Fighting
 19791 | Swamp:4  | Got a decaying rune of Zot
 20179 | Spider:1 | Entered Level 1 of the Spider Nest
 20719 | Spider:2 | Noticed Arachne
 20740 | Spider:2 | Killed Arachne
 21025 | Spider:2 | Reached XP level 17. HP: 166/166 MP: 24/24
 21180 | Spider:3 | Reached skill level 19 in Fighting
 21378 | Spider:4 | Entered Level 4 of the Spider Nest
 22098 | Spider:4 | Got a gossamer rune of Zot
 22735 | Depths:1 | Entered Level 1 of the Depths
 22840 | Depths:1 | Reached skill level 20 in Fighting
 22843 | Depths:1 | Reached XP level 18. HP: 178/178 MP: 25/25
 22856 | Depths:1 | Reached skill level 15 in Shields
 22857 | Depths:1 | Reached skill level 15 in Armour
 23448 | Depths:1 | Found a gateway to Hell.
 23896 | Vaults:1 | Entered Level 1 of the Vaults
 23899 | Vaults:1 | Reached skill level 21 in Fighting
 24024 | Vaults:2 | Found Qoud's Weapon Shop.
 24601 | Vaults:2 | Reached XP level 19. HP: 191/191 MP: 27/27
 24628 | Vaults:2 | Found Lugum's Jewellery Boutique.
 24632 | Vaults:2 | Bought the ring "Ekhlidiy" {rElec Dex+3 Stlth+} for 378
                  | gold pieces
 24633 | Vaults:2 | Found Jeuxol's Armour Shoppe.
 24703 | Vaults:2 | Noticed Mara
 24726 | Vaults:2 | Noticed Flugslaktarn's illusion
 24743 | Vaults:2 | Killed Mara
 25004 | Vaults:3 | Reached skill level 22 in Fighting
 25439 | Vaults:5 | Entered Level 5 of the Vaults
 25451 | Vaults:5 | Reached skill level 15 in Dodging
 25457 | Vaults:5 | Noticed a golden dragon
 25483 | Vaults:5 | Killed a golden dragon
 25488 | Vaults:5 | Reached skill level 23 in Fighting
 25489 | Vaults:5 | Noticed an ancient lich
 25491 | Vaults:5 | Identified the amulet of Cuforag {Acrobat Dex+4 Stlth+}
 25493 | Vaults:5 | Reached XP level 20. HP: 125/204 MP: 22/28
 25581 | Vaults:5 | Noticed Boris
 25612 | Vaults:5 | Killed Boris
 25663 | Vaults:5 | Reached skill level 24 in Fighting
 25751 | Vaults:5 | Identified the +2 troll leather armour "Somudam" {+Inv
                  | rElec rC+ Regen+ MP+9}
 25751 | Vaults:5 | Identified the ring of the Raven {Wiz rC+ Int+8 Slay-2}
 25822 | Vaults:5 | Reached XP level 21. HP: 202/215 MP: 29/29
 25843 | Vaults:5 | Killed an ancient lich
 25845 | Vaults:5 | Reached skill level 25 in Fighting
 25998 | Vaults:5 | Noticed a golden dragon
 26010 | Vaults:5 | Killed a golden dragon
 26071 | Vaults:5 | Identified the cursed +3 halberd "Pyrghixou" {antimagic,
                  | rPois rC- Str+2}
 26152 | Vaults:5 | Identified the +4 chain mail "Keawycip" {rPois rC+ Dex+2}
 26494 | Vaults:5 | Got a silver rune of Zot
 26516 | Vaults:5 | Got a steaming golden ring
 26998 | Vaults:5 | Got a dazzling plate armour
 26999 | Vaults:5 | Identified the +12 plate armour "Uqejit" {Harm rC++ Regen+}
                  | (You found it on level 5 of the Vaults)
 27014 | Vaults:5 | Identified the cursed ring "Ubezaul" {rElec rF- Str-2 Int-4
                  | Stlth+} (You found it on level 5 of the Vaults)
 27744 | Depths:2 | Found a portal to a secret trove of treasure.
 27829 | Depths:2 | Found a gateway to a ziggurat.
 27922 | Depths:3 | Found a one-way gate leading to the halls of Pandemonium.
 27976 | Depths:3 | Identified the ring "Pofron" {rPois rN+ Int+4 Stlth-}
 28121 | Depths:4 | Found a one-way gate to the infinite horrors of the Abyss.
 28144 | Depths:4 | Reached skill level 26 in Fighting
 28198 | Depths:4 | Reached XP level 22. HP: 228/228 MP: 30/30
 28259 | Depths:5 | Entered Level 5 of the Depths
 28337 | Depths:5 | Noticed a golden dragon
 28349 | Depths:5 | Killed a golden dragon
 28374 | Depths:5 | Found a gate to the Realm of Zot.
 28430 | Zot:1    | Entered Level 1 of the Realm of Zot
 28529 | Zot:2    | Noticed a Killer Klown
 28543 | Zot:2    | Killed a Killer Klown
 28590 | Zot:2    | Noticed a curse toe
 28592 | Zot:2    | Reached skill level 27 in Fighting
 28593 | Zot:2    | Killed a curse toe
 28670 | Zot:3    | Noticed an orb of fire
 28670 | Zot:3    | Noticed a golden dragon
 28672 | Zot:3    | Gained mutation: You are clumsy. (Dex -2) [an orb of fire]
 28677 | Zot:3    | Gained mutation: Scrolls take you a little longer to read.
                  | [an orb of fire]
 28681 | Zot:3    | Killed a golden dragon
 28690 | Zot:3    | Reached XP level 23. HP: 234/240 MP: 20/31
 28692 | Zot:3    | Killed an orb of fire
 28923 | Zot:5    | Entered Level 5 of the Realm of Zot
 29038 | Zot:5    | Noticed a curse toe
 29048 | Zot:5    | Killed a curse toe
 29259 | Zot:5    | Noticed an orb of fire
 29259 | Zot:5    | Gained mutation: You are very clumsy. (Dex -4) [an orb of
                  | fire]
 29267 | Zot:5    | Killed an orb of fire
 29271 | Zot:5    | Reached XP level 24. HP: 175/249 MP: 31/31
 29272 | Zot:5    | Noticed a Killer Klown
 29294 | Zot:5    | Killed a Killer Klown
 29297 | Zot:5    | Noticed a Killer Klown
 29306 | Zot:5    | Noticed a Killer Klown
 29319 | Zot:5    | Killed a Killer Klown
 29319 | Zot:5    | Noticed a Killer Klown
 29321 | Zot:5    | Killed a Killer Klown
 29340 | Zot:5    | Killed a Killer Klown
 29357 | Zot:5    | Noticed a Killer Klown
 29357 | Zot:5    | Noticed an ancient lich
 29369 | Zot:5    | Killed an ancient lich
 29399 | Zot:5    | Killed a Killer Klown
 29402 | Zot:5    | Noticed an ancient lich
 29424 | Zot:5    | Killed an ancient lich
 29430 | Zot:5    | Noticed an orb of fire
 29430 | Zot:5    | Noticed an orb of fire
 29430 | Zot:5    | Noticed an orb of fire
 29431 | Zot:5    | Noticed an orb of fire
 29431 | Zot:5    | Noticed a Killer Klown
 29435 | Zot:5    | Gained mutation: You do not regenerate when monsters are
                  | visible. [an orb of fire]
 29436 | Zot:5    | Noticed an ancient lich
 29438 | Zot:5    | Lost mutation: You are very clumsy. (Dex -4) [an orb of
                  | fire]
 29438 | Zot:5    | Noticed an orb of fire
 29439 | Zot:5    | Gained mutation: Your muscles are strong. (Str +2) [an orb
                  | of fire]
 29441 | Zot:5    | Lost mutation: You are clumsy. (Dex -2) [an orb of fire]
 29443 | Zot:5    | Lost mutation: Your muscles are strong. (Str +2) [an orb of
                  | fire]
 29448 | Zot:5    | Gained mutation: Potions are less effective at restoring
                  | your health. [an orb of fire]
 29450 | Zot:5    | Gained mutation: You occasionally shout uncontrollably at
                  | your foes. [an orb of fire]
 29451 | Zot:5    | Killed an orb of fire
 29454 | Zot:5    | Killed an orb of fire
 29457 | Zot:5    | Killed an orb of fire
 29457 | Zot:5    | Gained mutation: You are weak. (Str -2) [an orb of fire]
 29458 | Zot:5    | Killed an orb of fire
 29462 | Zot:5    | Noticed an orb of fire
 29463 | Zot:5    | Killed an orb of fire
 29465 | Zot:5    | Killed an ancient lich
 29477 | Zot:5    | Killed an orb of fire
 29781 | Zot:5    | Reached XP level 25. HP: 257/257 MP: 31/31
 29782 | Zot:5    | Noticed a Killer Klown
 29833 | Zot:5    | Got the Orb of Zot
 29868 | Zot:5    | Gained mutation: You are dopey. (Int -2) [a cacodemon]
 30137 | Depths:5 | Noticed a seraph
 30144 | Depths:4 | HP: 11/257 [seraph/+3 great sword of flaming (7)]
 30144 | Depths:4 | Mangled by a seraph

Illustrated notes

Levels and vault maps discovered:
D:1:      dpeg_arrival_another_circle, layout_basic
D:2:      layout_rooms, serial_glass, glass_columns_b, glass_columns_c,
          hangedman_decor_growths, fedhas_ov_isle_minmay, uniq_jessica
D:3:      layout_rooms
D:4:      layout_cave_pods, serial_glass, glass_columns_a, glass_columns_a
D:5:      layout_basic, amethyst_overflow_temple_binary, uniq_sigmund,
          uniq_eustachio
D:6:      layout_loops_cross
D:7:      layout_basic, minmay_temple_entry_proselytizer, serial_shops, shop,
          hangedman_glass_teeth
D:8:      layout_cave_pools, evilmike_ruin_ashenzari
D:9:      layout_roguey, lair_entry_dummy, basic_altar
D:10:     layout_basic, enter_bailey_3, uniq_harold
D:11:     cheibrodos_elevator_heist, layout_basic
D:12:     layout_cave_pools, hiddenorc2_lemuel, serial_shops,
          nicolae_shop_waterfront, nicolae_twisting_strands, uniq_azrael,
          uniq_gastronok
D:13:     layout_cave_pools, grunt_vaults_entry_tiered, serial_shops,
          nicolae_shop_statue_plus, nrook_loot_triangle, bh_walls_and_bars
D:14:     layout_stronghold, chequers_arboretum
D:15:     grunt_enter_depths_magical_seal, layout_layer_cave,
          chequers_serial_rivers_micro_b, chequers_avenue, wad_hexagon
Lair:1:   layout_layer_cave, cheibrodos_lair_reptile_den
Lair:2:   layout_gridlike
Lair:3:   layout_gridlike, swamp_mist, portal_ice_cave_rime
Lair:4:   layout_cave_pods, spider_nest_entry_webs, forest_entry_grove
Swamp:1:  layout_falls_marsh, nicolae_swamp_dense_foliage, uniq_jorgrun
Swamp:2:  layout_falls_marsh, ebering_ghost_reflecting_pool,
          evilmike_swamp_ruin_house_3, swamp_pool5
Swamp:3:  layout_falls_marsh, evilmike_swamp_ruin_house_4
Swamp:4:  swamp_basic_johnstein, layout_basic_swamp, swamp_pool5
Spider:1: layout_spider_delve
Spider:2: layout_spider_delve, hangedman_spider_tarantella_strand, uniq_arachne
Spider:3: layout_spider_delve
Spider:4: guppyfry_spider_rune, hangedman_spider_mandibles,
          nicolae_spider_cling_ruins
Orc:1:    layout_caves, basic_altar, uniq_nergalle
Orc:2:    pubby_orc_utopia, serial_shops
Vaults:1: v_misc_5, vaults_dpeg_ring, vaults_room_pool,
          vaults_standard_mumra_lines, hangedman_vaults_stretched_pinwheel,
          vaults_room_grunt_arrival_ludios, nicolae_vaults_meeting,
          vaults_room_door_ring, nicolae_vaults_network_periphery,
          vaults_dpeg_spiral, vaults_room_large_hall,
          nicolae_vaults_little_squares_6, serial_ice_g, v_alt_pattern_1,
          nicolae_vaults_big_ls, ontoclasm_vaults_idyll, v_rooms_4,
          layout_vaults_omnibox, portal_desolation_entry_nicolae_slug,
          basic_altar, uniq_donald, uniq_aizul
Vaults:2: nicolae_vaults_circle_grid_a, v_misc_27, hangedman_vaults_snaps,
          v_rooms_5, st_diamondy, minmay_crypt_entry_vampire_xt, v_pattern_5,
          ontoclasm_vaults_chip, v_misc_33, v_misc_14,
          nicolae_vaults_little_squares_1, nicolae_vaults_diagonal_hallway_6,
          nicolae_vaults_rhombus_6, ontoclasm_vaults_pinch, layout_vaults_ring,
          serial_shops, nicolae_shop_behind_doors, shop, shop, shop_statue,
          uniq_mara
Vaults:3: hangedman_vaults_hat, hangedman_vaults_corner, grunt_vaults_focal,
          vaults_room_octagon, v_misc_10, v_misc_15, v_alt_pattern_2,
          vaults_room_hangedman_quadrants, v_misc_12,
          nicolae_vaults_border_crossing, nicolae_vaults_diagonal_hallway_7,
          layout_vaults_big_cross
Vaults:4: v_rooms_1, vaults_room_pool, nicolae_vaults_quartermaster,
          ontoclasm_vaults_decontamination, vaults_room_fours, v_misc_9,
          ontoclasm_vaults_gateway, ontoclasm_vaults_ring_small,
          grunt_vaults_hallway_short, ontoclasm_vaults_twist, vaults_dpeg_hooks,
          vaults_room_pools, layout_vaults_chaotic_city, serial_shops, shop
Vaults:5: serial_shops, uniq_boris
Depths:1: layout_small_grid, hell_entry, minivault_16, chequers_big_river,
          nicolae_sextant, kennysheep_treasure_room, serial_bayou_shore_a
Depths:2: minmay_haunted_quarter, layout_long_grid, enter_ziggurat_c,
          hangedman_coc_ice_floe, nicolae_trove_entry_crossroad,
          grunt_decor_mini_mirrors, infiniplex_staircase_pool_2
Depths:3: hangedman_spin_cycle, serial_shops, hell_entry, pan_entry
Depths:4: minmay_the_grid_triangle_9x9_recursive_3_mashed
          [minmay_the_grid_triangle_9x9_impossible_snake,
          minmay_the_grid_triangle_9x9_limited_checkers,
          minmay_the_grid_triangle_9x9_from_above,
          minmay_the_grid_triangle_9x9_prize_center,
          minmay_the_grid_triangle_9x9_stretched_checkered,
          minmay_the_grid_triangle_9x9_subtriangle,
          minmay_the_grid_triangle_9x9_warning,
          minmay_the_grid_triangle_9x9_thin_v,
          minmay_the_grid_triangle_9x9_pentomino_pain], layout_honeycomb,
          abyss_entry_small_statue_room, minmay_misc_feat_chi,
          gammafunk_ghost_crypt, hell_entry
Depths:5: grunt_zot_entry_tricorne, layout_long_grid, serial_rivers,
          chequers_serial_rivers_small_b, chequers_serial_rivers_room_b,
          chequers_serial_rivers_small_3, chequers_serial_rivers_small_3,
          chequers_serial_rivers_large_b, chequers_serial_rivers_room_a,
          serial_shops, bzr_entry_safe, lightli_too_deep,
          roderic_serpentine_path, serial_bayou_shore_b
Zot:1:    layout_gridlike, grunt_megastairs_2
Zot:2:    layout_cathedral_of_symmetry
Zot:3:    layout_onion_interference
Zot:4:    layout_misc_corridors
Zot:5:    layout_misc_corridors, bh_zot_lava_cross, grunt_ministairs_11,
          hangedman_zot_diagonal_lockstep, st_stairs_9

Skill      XL: |  1  2  3  4  5  6  7  8  9 10 11 12 13 14 15 16 17 18 19 20 21 22 23 24 25 |
---------------+----------------------------------------------------------------------------+-----
Fighting       | 4 5 6 7 8 10 11 12 13 14 15 17 18 20 21 23 24 26 27 | 27.0
Axes           | 3 4 5 7 8 9 11 12 13 14 15 16 | 16.0
Armour         | 4 5 6 7 8 9 10 11 12 14 16 17 18 19 21 23 24 25 | 25.5
Shields        | 4 5 6 7 8 9 10 11 12 13 14 15 | 15.0
Dodging        | 2 3 5 6 7 8 9 10 11 12 14 15 16 17 19 21 22 23 | 23.4
Invocations    | 1 3 4 5 7 8 10 11 12 | 12.0
Evocations     | 1 3 4 |  4.0

Action                   |  1- 3 |  4- 6 |  7- 9 | 10-12 | 13-15 | 16-18 | 19-21 | 22-24 | 25-27 || total
-------------------------+-------+-------+-------+-------+-------+-------+-------+-------+-------++-------
Melee: War axe           |    30 |    73 |     3 |   105 |  1021 |  1310 |   795 |   712 |   134 ||  4183
       Headbutt          |     2 |     6 |    50 |   157 |   356 |   519 |   317 |   295 |    46 ||  1748
       Hand axe          |       |       |   224 |   368 |       |       |       |       |       ||   592
Invok: Slouch            |       |       |       |       |     1 |     4 |     4 |       |       ||     9
       Temporal Distorti |       |       |       |       |     1 |     3 |     1 |       |       ||     5
Evoke: Condenser vane    |       |       |       |       |     1 |       |       |       |       ||     1
  Use: Potion            |     1 |     3 |       |     2 |     1 |       |     2 |     2 |     1 ||    12
       Scroll            |       |       |    11 |    14 |     8 |     2 |     8 |     5 |     1 ||    49
 Stab: Invisible         |       |       |       |     8 |       |       |       |       |       ||     8
       Distracted        |       |       |       |       |     1 |       |     1 |       |       ||     2
       Confused          |       |       |       |       |     1 |     3 |       |       |       ||     4
Armor: Scale mail        |    20 |    24 |    11 |       |       |       |       |       |       ||    55
       Skin              |       |     3 |       |       |       |       |       |       |       ||     3
       Chain mail        |       |       |     7 |       |    72 |   287 |       |       |       ||   366
       Plate armour      |       |       |    19 |   129 |   117 |       |    28 |   284 |    47 ||   624
       Crystal plate arm |       |       |       |       |       |   109 |   204 |       |       ||   313
Dodge: Dodged            |    19 |    35 |    89 |   366 |   504 |   921 |   424 |   426 |    88 ||  2872
Block: Kite shield       |    26 |    35 |   106 |   412 |  1022 |  2076 |  1158 |  1127 |   211 ||  6173

Table legend: (Time is in decaauts)
 A = Elapsed time spent in this place.
 B = Non-inter-level travel time spent in this place.
 C = Inter-level travel time spent in this place.
 D = Time resting spent in this place.
 E = Time spent auto-exploring this place.
 F = Levels seen in this place.
 G = Mean time per level.
                   A        B        C        D        E       F      G
               +--------+--------+--------+--------+--------+-----+--------+
         Total |  45052 |  39038 |   6014 |   1077 |  28856 |  45 | 1001.2 |
       Dungeon |  19986 |  17104 |   2882 |    388 |  13981 |  15 | 1332.4 |
          Lair |   6056 |   5303 |    753 |      0 |   4875 |   4 | 1514.0 |
         Swamp |   2472 |   2153 |    319 |     30 |   1377 |   4 |  618.0 |
   Spider Nest |   3525 |   3250 |    275 |    145 |   2008 |   4 |  881.2 |
  Orcish Mines |   3061 |   2906 |    155 |     19 |   2213 |   2 | 1530.5 |
        Vaults |   5543 |   4536 |   1007 |     66 |   3163 |   5 | 1108.6 |
        Depths |   2419 |   2151 |    268 |      0 |   1106 |   5 |  483.8 |
           Zot |   1858 |   1505 |    353 |    429 |    124 |   5 |  371.6 |
        Bailey |    130 |    130 |      0 |      0 |      7 |   1 |  130.0 |
               +--------+--------+--------+--------+--------+-----+--------+

Top non-repeatable levels by time:
   Orc:2: 2811 daAuts
    D:15: 2755 daAuts
    D:11: 2731 daAuts
Vaults:5: 2710 daAuts
  Lair:4: 1955 daAuts
    D:13: 1838 daAuts
     D:7: 1715 daAuts
    D:14: 1692 daAuts
    D:10: 1614 daAuts
  Lair:1: 1565 daAuts
Spider:4: 1484 daAuts
    D:12: 1463 daAuts
 Swamp:4: 1454 daAuts
Vaults:2: 1419 daAuts
  Lair:3: 1385 daAuts
